 Dungeon Crawl Stone Soup version 0.29-a0-1027-gcd8c55af63 (webtiles) character file.

Game seed: 6811218966355754718

3840 Manisian the Spear-Bearer (level 10, 0/94 HPs)
             Began as a Tengu Berserker on Aug 12, 2022.
             Was an Elder of Trog.
             Slain by a yak (3 damage)
             ... on level 7 of the Dungeon.
             The game lasted 00:20:05 (9202 turns).

Manisian the Spear-Bearer (Tengu Berserker)         Turns: 9202, Time: 00:20:05

Health: 0/94       AC: 11    Str: 21    XL:     10   Next: 18%
Magic:  0/11       EV: 11    Int:  8    God:    Trog [****..]
Gold:   96         SH:  0    Dex: 14    Spells: 9/9 levels left

rFire   . . .      SeeInvis .   a - +3 glaive (vorpal)
rCold   . . .      Faith    .   (shield currently unavailable)
rNeg    . . .      Spirit   +   j - +0 chain mail
rPois   .          Reflect  .   (helmet restricted)
rElec   .          Harm     .   t - scarf {+Inv}
rCorr   .          Rampage  .   (no gloves)
Will    +....                   (boots unavailable)
Stlth   ..........              p - amulet of guardian spirit
HPRegen 0.25/turn               s - ring of willpower
MPRegen 0.12/turn               (no ring)

@: berserking, flying quickly and evasively, studying Polearms, very quick
A: beak, talons 3, nimble flight
a: Renounce Religion, Evoke Invisibility, Berserk, Trog's Hand, Brothers in Arms


You were on level 7 of the Dungeon.
You worshipped Trog.
Trog was greatly pleased with you.
You visited 2 branches of the dungeon, and saw 9 of its levels.
You also visited: Sewer.

You collected 387 gold pieces.
You spent 291 gold pieces at shops.

Inventory:

Hand Weapons
 a - a +3 vorpal glaive (weapon)
 q - a +0 arbalest of freezing
 v - a +1 trident
 w - a +1 trident of venom
 z - a +1 war axe of flaming
Missiles
 e - 24 stones (quivered)
 l - 9 poisoned darts
Armour
 j - a +0 chain mail (worn)
 t - a scarf of invisibility (worn)
Jewellery
 p - an amulet of guardian spirit (around neck)
 s - a ring of willpower (left hand)
Wands
 o - a wand of flame (16)
Scrolls
 d - 5 scrolls of teleportation
 u - a scroll of acquirement
 y - 2 scrolls of poison
Potions
 b - 2 potions of lignification
 c - a potion of haste {unknown}
 f - 3 potions of mutation
 g - 2 potions of attraction {unknown}
 h - 3 potions of curing
 i - 4 potions of heal wounds
 k - 2 potions of might {unknown}
 m - 3 potions of ambrosia
 n - a potion of invisibility {unknown}
 r - a potion of flight {unknown}
 x - a potion of brilliance {unknown}


   Skills:
 + Level 7.1 Fighting
 + Level 14.1 Polearms
 + Level 0.7 Ranged Weapons
 + Level 1.5 Throwing
 + Level 9.0 Armour
 + Level 4.6 Dodging


You had 9 spell levels left.
You didn't know any spells.
Your spell library was empty.

Dungeon Overview and Level Annotations

Branches:
Dungeon (8/15)             Temple (1/1) D:7           Sewer (visited)
   Lair: D:8-11

Altars:
Ashenzari
Cheibriados
Dithmenos
Elyvilon
Fedhas
Gozag
Hepliaklqana
Kikubaaqudgha
Makhleb
Nemelex Xobeh
Okawaru
Qazlal
Ru
Sif Muna
Trog
Uskayaw
Vehumet
Wu Jian
Xom
Zin
The Shining One

Shops:
D:4 (:[!   D:7 (

Annotations:
D:7 2 runed translucent doors, OstrichLN's ghost, novice TrGl


Innate Abilities, Weirdness & Mutations

You have a beak for a mouth.
You have claws for feet.
Your magical nature lets you fly swiftly and evasively.


Message History

You are too berserk!
You slice the yak!! You claw the yak!
The yak is almost dead.
The yak closely misses you. The yak barely misses you. The yak misses you. x2
The yak closely misses you. The yak gores you but does no damage.
You slash the yak!
You kill the yak!
Trog accepts your kill.
You slash the yak! You claw the yak! Your peck misses the yak.
The yak is severely wounded.
The yak barely misses you. The yak closely misses you. The yak gores you.
* * * LOW HITPOINT WARNING * * *
The yak misses you. The yak gores you.
* * * LOW HITPOINT WARNING * * *
You barely miss the yak.
The yak is severely wounded.
You slice the yak!!
You feel the power of Trog in you as your rage grows.
You kill the yak!
Trog accepts your kill. The yak gores you.
* * * LOW HITPOINT WARNING * * *
The yak gores you but does no damage. The yak barely misses you.
The yak gores you!
* * * LOW HITPOINT WARNING * * *
Your Armour skill increases to level 9!
You slash the yak!
The yak is heavily wounded.
The yak gores you.
* * * LOW HITPOINT WARNING * * *
The yak gores you.
* * * LOW HITPOINT WARNING * * *
The yak gores you but does no damage. x2
You hit the yak. You claw the yak!
The yak is almost dead.
You slice the yak!!
You kill the yak!
Trog accepts your kill. The yak gores you.
You die...

####.#### #....## #.# #####.##
###.## #.##### #......# #.#
#.....#### #.###..# #.#
#####..).# #.# #..# ##'##
#.##.. #.###..# ##...## #.####
#.##...# ##.....## ##.#
#......# ##.).Y...## ##..#
###...####..†@Y....####...####
#.......'...†Y....'..))......
##...####.........####).)####
##.## ##.......## ##)<...#
##.## ##.....## ###.#.. #.:.#
##...## #.### #.#.# ##'## #.#
#...# #.# #.# #.### #.# #.#


You could see 3 yaks.

Vanquished Creatures
  A two-headed ogre (D:7)
  3 yaks (D:7)
  A water moccasin (D:6)
  Duvessa (D:4)
  Pargi (Sewer)
  3 sky beasts
  An ice beast (D:7)
  3 ogres
  A centaur (D:7)
  A phantom (D:5)
  A gnoll sergeant (D:7)
  A necrophage (D:6)
  A bullfrog (D:7)
  3 scorpions
  9 wights (D:7)
  Dowan (D:4)
  6 killer bees (D:5)
  2 jellies
  3 hounds
  2 orc priests
  A gnoll bouda (D:5)
  4 orc wizards
  Robin (D:2)
  9 gnolls
  12 adders
  A river rat (D:4)
  A shadow imp (D:5)
  2 white imps
  2 ufetubi
  2 dart slugs
  A worm (D:4)
  30 orcs
  6 bats
  7 endoplasms
  3 giant cockroaches
  13 goblins
  6 hobgoblins
  4 jackals
  9 quokkas
  3 ball pythons
  2 frilled lizards (D:3)
  4 kobolds
  4 rats
172 creatures vanquished.

Notes
Turn   | Place    | Note
-------+----------+-------------------------------------------
     0 | D:1      | Manisian the Tengu Berserker began the quest for the Orb.
     0 | D:1      | Reached XP level 1. HP: 14/14 MP: 2/2
   450 | D:1      | Reached XP level 2. HP: 19/19 MP: 3/3
   612 | D:1      | Found a faded altar of an unknown god.
  1077 | D:1      | Identified a scroll of acquirement
  1077 | D:1      | Acquired a manual of Polearms
  1210 | D:1      | Reached XP level 3. HP: 10/23 MP: 4/4
  1742 | D:2      | Reached skill level 4 in Polearms
  1853 | D:2      | Reached ** piety under Trog
  1941 | D:2      | Reached XP level 4. HP: 29/29 MP: 5/5
  2063 | D:2      | Found a broken altar of Ashenzari.
  2114 | D:2      | Noticed Robin
  2131 | D:2      | Killed Robin
  2302 | D:3      | Gained mutation: Your magical nature lets you fly swiftly
                  | and evasively. [Tengu growth]
  2302 | D:3      | Reached XP level 5. HP: 31/33 MP: 6/6
  2306 | D:3      | Reached skill level 5 in Polearms
  2928 | D:3      | Reached *** piety under Trog
  3148 | D:4      | Found Gihe's Armour Boutique.
  3213 | D:4      | Found a glowing drain.
  3217 | Sewer    | Entered a sewer
  3271 | Sewer    | Noticed Pargi
  3291 | Sewer    | Killed Pargi
  3292 | Sewer    | Reached skill level 6 in Polearms
  3292 | Sewer    | Reached XP level 6. HP: 25/38 MP: 7/7
  3497 | D:4      | Noticed Dowan
  3506 | D:4      | Noticed Duvessa
  3514 | D:4      | Killed Duvessa
  3515 | D:4      | Reached skill level 7 in Polearms
  3517 | D:4      | Killed Dowan
  3518 | D:4      | Reached XP level 7. HP: 43/43 MP: 8/8
  3694 | D:4      | Found Jecaezank's Weapon Shoppe.
  3750 | D:4      | Found Uxol's Book Boutique.
  3856 | D:4      | Reached skill level 8 in Polearms
  3856 | D:4      | Reached skill level 1 in Throwing
  3959 | D:4      | Found Ceis Keb's Distillery.
  3976 | D:4      | Bought a potion of heal wounds for 70 gold pieces
  3976 | D:4      | Bought a potion of heal wounds for 70 gold pieces
  4331 | D:4      | Reached skill level 9 in Polearms
  4591 | D:5      | Entered Level 5 of the Dungeon
  5078 | D:5      | Reached skill level 5 in Armour
  5078 | D:5      | Reached XP level 8. HP: 37/48 MP: 7/9
  5234 | D:5      | Reached skill level 10 in Polearms
  5370 | D:5      | Found a blossoming altar of Fedhas.
  5438 | D:5      | Reached skill level 5 in Fighting
  5949 | D:5      | Reached skill level 11 in Polearms
  6694 | D:6      | Reached XP level 9. HP: 44/54 MP: 7/10
  7097 | D:6      | Found a stormy altar of Qazlal.
  7204 | D:7      | Found a staircase to the Ecumenical Temple.
  7221 | Temple   | Entered the Ecumenical Temple
  7344 | D:7      | Reached skill level 12 in Polearms
  7718 | D:8      | Acquired a manual of Polearms
  7722 | D:7      | Acquired a +3 vorpal glaive
  7946 | D:7      | Reached **** piety under Trog
  8195 | D:7      | Found Wugit's Weapon Shoppe.
  8210 | D:7      | Bought a +0 arbalest of freezing for 151 gold pieces
  8377 | D:7      | Reached skill level 13 in Polearms
  8524 | D:7      | Found a large runed translucent door.
  8525 | D:7      | Found a large runed translucent door.
  8527 | D:7      | Noticed OstrichLN's ghost (novice TrGl)
  9033 | D:8      | Noticed a two-headed ogre
  9039 | D:7      | Killed a two-headed ogre
  9040 | D:7      | Reached skill level 14 in Polearms
  9040 | D:7      | Reached XP level 10. HP: 46/63 MP: 5/11
  9200 | D:7      | HP: 3/94 [yak (5)]
  9202 | D:7      | Slain by a yak

Illustrated notes

Levels and vault maps discovered:
D:1:      scummos_arrival_forest, layout_basic, chequers_ecumenical_altar_simple
D:2:      minmay_evil_eye, layout_basic, basic_altar, kennysheep_generic_room_3,
          uniq_robin
D:3:      layout_basic
D:4:      layout_loops_corners, serial_shops, shop_fountains,
          nicolae_take_the_stairs, nicolae_shop_stone, nicolae_shop_stone,
          gup_sewer_entry_bowl, uniq_duvessa
D:5:      nicolae_cairo_tiling_large_dashed, layout_basic,
          mainiacjoe_overflow_boulevard, minmay_misc_feat_square
D:6:      layout_rooms, nicolae_overflow_hidden_temple,
          minmay_misc_feat_more_columns
D:7:      layout_loops_corners, minmay_temple_entry_purple_smoke, serial_shops,
          shop, ebering_ghost_disaster_area, grunt_decor_clamped
D:8:      layout_cave_pods, dreamdust_gnoll_shepherd, uniq_maggie, uniq_joseph
Temple:   hellmonk_temple_of_storms

Skill      XL: |  1  2  3  4  5  6  7  8  9 10 |
---------------+-------------------------------+-----
Polearms       | 4 6 7 9 11 14 | 14.1
Dodging        | 3 4 |  4.6
Armour         | 3 4 5 6 8 9 |  9.0
Fighting       | 4 5 7 |  7.1
Throwing       | 1 |  1.5
Ranged Weapons | |  0.7

Action                   |  1- 3 |  4- 6 |  7- 9 | 10-12 || total
-------------------------+-------+-------+-------+-------++-------
Melee: Spear             |    78 |    64 |       |       ||   142
       Kick              |    10 |    22 |    50 |     3 ||    85
       Peck              |     5 |    11 |    35 |       ||    51
       Punch             |     1 |       |       |       ||     1
       Trident           |       |    71 |   209 |       ||   280
       Glaive            |       |       |    34 |     8 ||    42
 Fire: Arbalest          |       |       |     3 |       ||     3
Throw: Stone             |    15 |     6 |     4 |       ||    25
Invok: Berserk           |     1 |     4 |    10 |     1 ||    16
       Trog's Hand       |       |       |     2 |       ||     2
  Use: Scroll            |     2 |     6 |     8 |       ||    16
       Potion            |       |       |     1 |       ||     1
Armor: Ring mail         |    21 |     6 |       |       ||    27
       Chain mail        |       |    16 |    86 |    11 ||   113
Dodge: Dodged            |    25 |    43 |   114 |    16 ||   198

Table legend: (Time is in decaauts)
 A = Elapsed time spent in this place.
 B = Non-inter-level travel time spent in this place.
 C = Inter-level travel time spent in this place.
 D = Time resting spent in this place.
 E = Time spent auto-exploring this place.
 F = Levels seen in this place.
 G = Mean time per level.
                   A        B        C        D        E       F      G
               +--------+--------+--------+--------+--------+-----+--------+
         Total |   8873 |   8156 |    717 |   2651 |   3603 |  10 |  887.3 |
       Dungeon |   8563 |   7871 |    692 |   2547 |   3555 |   8 | 1070.4 |
        Temple |     75 |     50 |     25 |      0 |     36 |   1 |   75.0 |
         Sewer |    233 |    233 |      0 |    104 |     11 |   1 |  233.0 |
               +--------+--------+--------+--------+--------+-----+--------+

Top non-repeatable levels by time:
     D:7: 1804 daAuts
     D:5: 1637 daAuts
     D:1: 1451 daAuts
     D:4: 1213 daAuts
     D:2: 840 daAuts
     D:3: 830 daAuts
     D:6: 762 daAuts
   Sewer: 233 daAuts
  Temple: 75 daAuts
     D:8: 24 daAuts
